AoeStats
← Benj. Franklin

Arena

507965152Analyzed
2v2 RM · 10d ago on Sep 20, 2026· 42m 52s· 4 players
Game mode
Random Map
Map size
Medium (4 player)
Population
200
Speed
Normal
Resources
Standard
Victory
Conquest
Starting age
Dark Age
Ending age
Imperial Age
RankedLock teamsTeams togetherTeam positionsShared explorationLock speedFull tech treeHidden civsTurbo modeCheats
Victory
Defeat
🇪🇸 Maya · Spain
877
+17
🇪🇸 Britons · Spain
877
+17
🇱🇹 Mongols · Lithuania
915
-48
🇱🇹 Aztecs · Lithuania
863
-32
rubys
9:34 Feudal Age
11:51 Horse Collar
12:13 Double-Bit Axe
16:38 Wheelbarrow
19:08 Castle Age
17:35 Stone Mining
21:12 Heavy Plow
21:25 Bow Saw
22:42 Fervor
24:16 Gold Mining
25:41 Gold Shaft Mining
26:37 Husbandry
26:58 Fletching
27:09 Padded Archer Armor
28:04 Hand Cart
31:19 Imperial Age
28:43 Loom
29:39 Town Watch
30:08 Caravan
31:35 Bodkin Arrow
31:56 Leather Archer Armor
31:51 Forging
31:47 Scale Barding Armor
31:35 Capped Ram
31:41 Capped Ram
32:46 Conscription
33:03 Town Patrol
33:45 Yeomen
34:33 Warwolf
33:58 Cavalier
37:52 Iron Casting
37:38 Chain Barding Armor
40:23 Blast Furnace
41:50 Plate Barding Armor
41:17 Bracer
41:47 Ring Archer Armor
41:18 Scale Mail Armor
43:53 Chemistry
43:13 Ballistics
42:54 Murder Holes
42:39 Treadmill Crane
43:10 Masonry
43:05 Siege Engineers
43:11 Fortified Wall
43:29 Block Printing
javierprietotroncoso
0:47 Loom
12:14 Feudal Age
12:56 Double-Bit Axe
12:54 Horse Collar
19:30 Wheelbarrow
21:54 Castle Age
20:12 Gold Mining
20:25 Stone Mining
23:38 Bow Saw
24:04 Fervor
24:05 Town Watch
24:34 Heavy Plow
27:20 Hand Cart
28:15 Stone Shaft Mining
32:45 Imperial Age
30:50 Caravan
31:55 Elite Skirmisher
32:44 Thumb Ring
34:15 Crop Rotation
34:35 Ballistics
34:11 Murder Holes
35:24 Two-Man Saw
34:12 Crossbowman
35:50 Sanctity
35:44 Forging
35:35 Scale Mail Armor
35:26 Fletching
35:37 Padded Archer Armor
37:12 Chemistry
36:23 Masonry
36:24 Fortified Wall
36:26 Pikeman
37:54 Iron Casting
37:35 Chain Mail Armor
37:06 Treadmill Crane
37:55 Conscription
37:47 Bodkin Arrow
38:34 Leather Archer Armor
38:28 Squires
38:13 Arson
38:41 Hul'che Javelineers
39:04 Arbalester
39:22 Capped Ram
41:31 Blast Furnace
41:42 Plate Mail Armor
41:53 Bracer
42:47 Ring Archer Armor
42:21 Siege Ram
Rimtega
10:49 Feudal Age
31:44 Castle Age
30:04 Loom
32:24 Double-Bit Axe
32:20 Horse Collar
34:04 Padded Archer Armor
33:54 Fletching
35:42 Elite Skirmisher
36:29 Thumb Ring
Benj. Franklin
10:24 Feudal Age
28:17 Castle Age
28:02 Double-Bit Axe
28:57 Horse Collar
31:11 Forging
31:55 Bow Saw
31:42 Eagle Warrior
37:01 Wheelbarrow
37:04 Wheelbarrow
37:29 Heavy Plow
37:19 Stone Mining
37:27 Gold Mining
37:49 Scale Mail Armor
38:18 Hand Cart
39:56 Pikeman
40:38 Squires
42:17 Iron Casting
Connection lost

Rejoining the realm…

Still unreachable

The connection could not be restored.

Session expired

The server has moved on; the page needs a fresh start.